 Dungeon Crawl Stone Soup version 0.17-a0-1900-g45e8110 (webtiles) character file.

445 kae the Archer (level 6, -8/39 HPs)
             Began as a High Elf Hunter on Sept 24, 2015.
             Mangled by PeterLawrence's ghost (12 damage)
             ... on level 4 of the Dungeon.
             The game lasted 00:07:16 (4046 turns).

kae the Archer (High Elf Hunter)                    Turns: 4046, Time: 00:07:16

Health: -8/39      AC:  7    Str: 10 (11) XL:     6   Next: 72%
Magic:  7/7        EV: 16    Int: 18      God:
Gold:   168        SH:  0    Dex: 22      Spells: 0 memorised, 5 levels left

rFire  . . .     SeeInvis .     b - +0 short sword
rCold  + . .     Clarity  .     r - +0 ring mail (curse)
rNeg   . . .     SustAt   .     (no shield)
rPois  .         Gourm    .     (no helmet)
rElec  .         Spirit   .     x - +1 cloak {MR+}
rCorr  +         Warding  .     (no gloves)
rMut   .         Stasis   .     (no boots)
MR     +....                    u - amulet of resist corrosion (curse)
Stlth  +++.......               d - +2 ring of intelligence
                                l - ring of protection from cold

@: agile, somewhat resistant to hostile enchantments, fairly stealthy
A: talons 1
a: no special abilities


You were on level 4 of the Dungeon.
You were very hungry.

You visited 2 branches of the dungeon, and saw 5 of its levels.

You collected 168 gold pieces.

Inventory:

Hand weapons
 a - a +2 shortbow
 b - a +0 short sword (weapon)
 e - a +1 flail of protection
Armour
 r - a cursed +0 ring mail (worn)
 x - a +1 cloak of magic resistance (worn)
Jewellery
 d - a +2 ring of intelligence (right hand)
 l - a ring of protection from cold (left hand)
 m - an uncursed ring of protection from cold
 u - a cursed amulet of resist corrosion (around neck)
Scrolls
 c - a scroll of recharging
 n - 2 scrolls of remove curse
 t - a scroll of identify
Potions
 f - a potion of mutation
 g - 2 potions of degeneration
Comestibles
 i - a meat ration
 p - a royal jelly
 q - a slice of pizza
 z - 2 bread rations


   Skills:
 - Level 2.0 Fighting
 + Level 10.5 Bows
 - Level 2.1 Dodging
 - Level 1.1 Stealth


You had 5 spell levels left.
You didn't know any spells.

Dungeon Overview and Level Annotations

Branches:
Dungeon (4/15)             Temple (1/1) D:4

Altars:
Ashenzari
Cheibriados
Dithmenos
Gozag
Sif Muna
Xom
Yredelemnul
The Shining One

Annotations:
D:4 PeterLawrence's ghost, experienced MiFi


Innate Abilities, Weirdness & Mutations

You have sharp toenails.


Message History

* * * LOW HITPOINT WARNING * * *
You hit PeterLawrence's ghost but do no damage.
You claw PeterLawrence's ghost, but do no damage.
PeterLawrence's ghost is almost destroyed.
PeterLawrence's ghost closely misses you.
You hit PeterLawrence's ghost. Your kick misses PeterLawrence's ghost.
PeterLawrence's ghost is almost destroyed.
PeterLawrence's ghost closely misses you.
PeterLawrence's ghost hits you but does no damage.
You hit PeterLawrence's ghost.
PeterLawrence's ghost is almost destroyed.
PeterLawrence's ghost barely misses you.
You hit PeterLawrence's ghost but do no damage.
PeterLawrence's ghost is almost destroyed.
PeterLawrence's ghost barely misses you.
You closely miss PeterLawrence's ghost.
You claw PeterLawrence's ghost, but do no damage.
PeterLawrence's ghost is almost destroyed.
PeterLawrence's ghost hits you!
You die...

*..........................*
*..........................*
*..........................*
*............[.............*
#......b........).)........*
#..(.......................*
#..............)...........*
#..........................*
#....(...((W@..............*
#.........................,*
#....(....................,*
#.........................,*
#........................,,*
#.......................,,,**
#....................b.,,,,,,
#.....................,,,,,**
#..........................##


You could see PeterLawrence's ghost.

Vanquished Creatures
  Edmund (D:4)
  A phantom (D:4)
  A centaur skeleton (D:4)
  An orc wizard (D:4)
  Crazy Yiuf (D:3)
  Ijyb (D:3)
  An orc priest (D:4)
  4 adders
  A giant gecko (D:1)
  6 orcs
  7 goblins
  7 hobgoblins
  6 kobolds
  3 quokkas
  A ball python (D:3)
  6 bats
  A giant newt (D:3)
  6 rats (D:1)
55 creatures vanquished.

Notes
Turn   | Place    | Note
--------------------------------------------------------------
     0 | D:1      | kae the High Elf Hunter began the quest for the Orb.
     0 | D:1      | Reached XP level 1. HP: 14/14 MP: 2/2
   142 | D:1      | Reached XP level 2. HP: 13/19 MP: 3/3
   328 | D:1      | Reached skill level 6 in Bows
  1361 | D:2      | You fall through a shaft for 2 floors!
  1361 | D:4      | Found a staircase to the Ecumenical Temple.
  1370 | Temple   | Entered the Ecumenical Temple
  1378 | Temple   | Reached XP level 3. HP: 8/24 MP: 4/4
  1754 | D:4      | Noticed Edmund
  1825 | D:3      | Reached skill level 7 in Bows
  2467 | D:3      | Noticed Ijyb
  2478 | D:3      | Killed Ijyb
  2478 | D:3      | Reached XP level 4. HP: 27/29 MP: 5/5
  2491 | D:3      | Found a shattered altar of Ashenzari.
  2632 | D:3      | Noticed Crazy Yiuf
  2640 | D:3      | Killed Crazy Yiuf
  2640 | D:3      | Reached skill level 8 in Bows
  2992 | D:3      | Found a shadowy altar of Dithmenos.
  3055 | D:4      | Noticed a phantom
  3070 | D:4      | Killed a phantom
  3070 | D:4      | Reached skill level 9 in Bows
  3070 | D:4      | Reached XP level 5. HP: 34/34 MP: 6/6
  3144 | D:4      | Killed Edmund
  3144 | D:4      | Reached skill level 10 in Bows
  3144 | D:4      | Reached XP level 6. HP: 21/39 MP: 7/7
  3202 | D:4      | Noticed PeterLawrence's ghost (experienced MiFi)
  3489 | D:3      | Gained mutation: You have an increased reservoir of magic (+10% MP). [potion of mutation]
  3489 | D:3      | Gained mutation: You have sharp toenails. [potion of mutation]
  3489 | D:3      | Lost mutation: You have an increased reservoir of magic (+10% MP). [potion of mutation]
  4046 | D:4      | Mangled by PeterLawrence's ghost

Vault maps used:
D:1:      lightli_arrival_statue_moat
D:3:      grunt_dithmenos_smoke_and_mirrors, evilmike_ruin_ashenzari, uniq_iyjb,
          uniq_crazy_yiuf_cottage
D:4:      minmay_temple_entry_butterflies, first_bread, uniq_edmund
Temple:   nicolae_temple_great_sept

Action                   |  1- 3 |  4- 6 || total
-------------------------+-------+-------++-------
Melee: Short sword       |    99 |   101 ||   200
       Mace              |       |     4 ||     4
 Fire: Shortbow          |    60 |    80 ||   140
  Use: Scroll            |     8 |     6 ||    14
       Potion            |       |    10 ||    10
 Stab: Sleeping          |     1 |       ||     1
  Eat: Chunk             |     4 |     5 ||     9
